 Dungeon Crawl Stone Soup version 0.29.1-15-g9cfb28693d (webtiles) character file.

Game seed: 15951580263568298005

399 safid the Chiller (level 6, -4/38 (48) HPs)
             Began as a Merfolk Ice Elementalist on Apr 10, 2023.
             Slain by a wight
             ... wielding a +2 spear
              (9 damage)
             ... on level 6 of the Dungeon.
             The game lasted 00:07:14 (3768 turns).

safid the Chiller (Merfolk Ice Elementalist)        Turns: 3768, Time: 00:07:15

HP:   -4/38 (48)    AC: 13    Str:  8    XL:     6   Next: 84%
MP:   3/12          EV: 12    Int: 16    God:
Gold: 131           SH:  0    Dex: 15    Spells: 6/13 levels left

rFire   . . .      SeeInvis .   q - +3 dagger (venom)
rCold   . . .      Faith    .   (no shield)
rNeg    . . .      Spirit   .   a - +0 robe
rPois   .          Reflect  .   p - +1 hat
rElec   .          Harm     .   m - +2 cloak
rCorr   .          Rampage  .   (no gloves)
Will    +....                   y - +0 pair of boots
Stlth   ++........              n - amulet of magic regeneration
HPRegen 0.12/turn               z - ring of willpower
MPRegen 0.53/turn               (no ring)

@: ice-armoured, freezing walls, heavily drained
A: (nimble swimmer 2), mertail
a: no special abilities


You were on level 6 of the Dungeon.
You visited 1 branch of the dungeon, and saw 5 of its levels.

You collected 131 gold pieces.

Inventory:

Hand Weapons
 q - a +3 dagger of venom (weapon)
Armour
 a - a +0 robe (worn)
 m - a +2 cloak (worn)
 p - a +1 hat (worn)
 y - a +0 pair of boots (worn)
Jewellery
 n - an amulet of magic regeneration (around neck)
 w - a ring of ice
 z - a ring of willpower (left hand)
Scrolls
 c - 3 scrolls of immolation {unknown}
 d - 3 scrolls of identify {unknown}
 e - 3 scrolls of fog {unknown}
 i - 2 scrolls of noise {unknown}
 k - 4 scrolls of fear {unknown}
 r - a scroll of enchant armour {unknown}
 s - a scroll of poison {unknown}
 t - a scroll of teleportation {unknown}
 v - a scroll of torment {unknown}
 x - a scroll of summoning {unknown}
Potions
 b - a potion of magic
 f - a potion of mutation {unknown}
 g - 4 potions of lignification {unknown}
 h - 2 potions of attraction {unknown}
 j - 4 potions of curing {unknown}
 l - a potion of berserk rage {unknown}
 o - 3 potions of brilliance {unknown}
 u - 2 potions of ambrosia {unknown}


   Skills:
 + Level 4.0 Fighting
 - Level 2.6 Dodging
 - Level 2.1 Stealth
 + Level 4.0 Spellcasting
 + Level 6.1 Ice Magic


You had 6 spell levels left.
You knew the following spells:

 Your Spells              Type           Power      Damage    Failure   Level
a - Freeze                Ice            92%        1d10      1%          1
b - Frozen Ramparts       Ice            46%        1d7       4%          3
c - Ozocubu's Armour      Ice            23%        N/A       4%          3

Your spell library contained the following spells:

 Spells                   Type           Power      Damage    Failure   Level
 Sandblast                Erth           6%         2d5       17%         1
 Passwall                 Tmut/Erth      2%         N/A       26%         2
 Hailstorm                Conj/Ice       13%        3d5       43%         4
 Stone Arrow              Conj/Erth      6%         3d7       45%         3


Dungeon Overview and Level Annotations

Branches:
Dungeon (4/15)
 Temple: D:4-7

Altars:
Dithmenos
Elyvilon
Fedhas
Gozag
Makhleb
Okawaru
Uskayaw
Wu Jian
The Shining One

Shops:
D:1 [

Annotations:
D:4 2 transporters, SuperSeabass's ghost, amateur MeWr


Innate Abilities, Weirdness & Mutations

((You are very nimble when in or above water. (Stealth+, EV+, Speed+++)))
Your lower body shifts to a powerful aquatic tail in water.


Message History

Confirm with . or Enter, or press ? or * to list all spells.
Aiming: Freeze (safe; 1% risk of failure)
Press: ? - help, Shift-Dir - straight line, f/p - wight
Aim: a wight, wielding a +2 spear and wearing a +0 robe (almost destroyed)
You freeze the wight.
The wight resists.
The wight is almost destroyed.
The wight completely resists.
The wall freezes the wight but does no damage.
The wight completely misses you.
Casting: Freeze (safe; 1% risk of failure)
Confirm with . or Enter, or press ? or * to list all spells.
Aiming: Freeze (safe; 1% risk of failure)
Press: ? - help, Shift-Dir - straight line, f/p - wight
Aim: a wight, wielding a +2 spear and wearing a +0 robe (almost destroyed)
You freeze the wight but do no damage.
The wight completely resists.
The frozen ramparts melt away.
The wight hits you but does no damage.
Unknown command.
You closely miss the wight. Your punch misses the wight.
The wight is almost destroyed.
The wight hits you with a +2 spear.
* * * LOW HITPOINT WARNING * * *
Your magical contamination has completely faded away.
Casting: Freeze (safe; 1% risk of failure)
Confirm with . or Enter, or press ? or * to list all spells.
Casting: Frozen Ramparts (dangerous; 4% risk of failure)
Press: ? - help, Dir - look around, f - activate The walls around you are covered in ice.
The wall freezes the wight but does no damage.
The wight hits you but does no damage.
Unknown command.
You hit the wight but do no damage.
The wight is almost destroyed.
The wall freezes the wight but does no damage.
The wight hits you but does no damage.
You hit the wight but do no damage.
The wight is almost destroyed.
The wight completely resists.
The wall freezes the wight but does no damage.
The wight hits you with a +2 spear!
You die...

#####
#...##
##@...#
#.z...##
##......#
#.......#
##.......#
#........#
#........#
##........#
.<#
#.........#


You could see a wight.

Vanquished Creatures
  Sigmund (D:3)
  A necrophage (D:4)
  A hound (D:4)
  An iguana (D:4)
  5 adders
  An ufetubus (D:4)
  A worm (D:3)
  2 dart slugs
  4 orcs
  4 endoplasms
  3 giant cockroaches
  A goblin (D:4)
  7 hobgoblins
  9 jackals
  2 quokkas
  10 ball pythons
  2 bats
  4 frilled lizards
  5 kobolds
  9 rats
73 creatures vanquished.

Notes
Turn   | Place    | Note
-------+----------+-------------------------------------------
     0 | D:1      | safid the Merfolk Ice Elementalist began the quest for the
                  | Orb.
     0 | D:1      | Reached XP level 1. HP: 13/13 MP: 3/3
    26 | D:1      | Found Sitatozu's Antique Armour Shoppe.
   390 | D:1      | Reached XP level 2. HP: 15/20 MP: 1/5
   648 | D:1      | Reached skill level 1 in Fighting
  1462 | D:2      | Reached XP level 3. HP: 25/26 MP: 3/6
  1481 | D:2      | Learned a level 3 spell: Frozen Ramparts
  1772 | D:3      | Found a hide-covered altar of Uskayaw.
  1799 | D:3      | Found a white marble altar of Elyvilon.
  1809 | D:3      | Noticed Sigmund
  1830 | D:3      | Killed Sigmund
  1831 | D:3      | Reached skill level 5 in Ice Magic
  1831 | D:3      | Reached XP level 4. HP: 21/35 MP: 7/9
  1831 | D:3      | Reached XP level 5. HP: 25/41 MP: 7/10
  2019 | D:3      | Found a blossoming altar of Fedhas.
  2305 | D:3      | Found an opulent altar of Gozag.
  2540 | D:3      | Learned a level 3 spell: Ozocubu's Armour
  2643 | D:3      | Found a glowing golden altar of the Shining One.
  2730 | D:3      | Reached XP level 6. HP: 47/47 MP: 11/11
  2808 | D:4      | Found a burning altar of Makhleb.
  2855 | D:4      | Noticed SuperSeabass's ghost (amateur MeWr)
  2856 | D:4      | Found a transporter.
  2857 | D:4      | Found a transporter.
  3194 | D:4      | Reached skill level 6 in Ice Magic
  3395 | D:4      | Found a shadowy altar of Dithmenos.
  3463 | D:4      | Found an iron altar of Okawaru.
  3627 | D:4      | Found an ornate altar of the Wu Jian Council.
  3702 | D:4      | You fall into a shaft and drop 2 floors!
  3768 | D:6      | Slain by a wight

Illustrated notes

Levels and vault maps discovered:
D:1:      spicycebolla_arrival_ecumenical, layout_basic, serial_shops, shop,
          minmay_pentomino_r4
D:2:      layout_basic, minmay_misc_feat_room
D:3:      layout_basic, grunt_gozag_statues, elyvilon_altar_3,
          mainiacjoe_overflow_concentric_impassable, tso_metal_star,
          fedhas_altar_1, uniq_sigmund
D:4:      layout_loops_corners, mainiacjoe_overflow_small_starburst,
          nicolae_dithmenos_through_a_glass_darkly, nzn_wu_jian_council_hall,
          serial_shops, nicolae_lakefront_shop, gammafunk_ghost_smash,
          minmay_ruined_shrine
D:6:      layout_cave_pods, old_standard_altar

Skill      XL: |  1  2  3  4  5  6 |
---------------+-------------------+-----
Fighting       | 1 3 4 |  4.0
Spellcasting   | 3 4 |  4.0
Ice Magic      | 5 6 |  6.1
Dodging        | |  2.6
Stealth        | |  2.1

Action                   |  1- 3 |  4- 6 || total
-------------------------+-------+-------++-------
Melee: Unarmed           |     7 |       ||     7
       Dagger            |     9 |   127 ||   136
 Cast: Freeze            |    48 |    15 ||    63
       Frozen Ramparts   |       |     8 ||     8
       Ozocubu's Armour  |       |     1 ||     1
 Stab: Sleeping          |       |     7 ||     7
Armor: Robe              |    11 |    59 ||    70
Dodge: Dodged            |    34 |    81 ||   115
